[Event "Titled Tuesday Blitz November 29 Early 2022"]
[White "Boros, Denes"]
[Black "Sethuraman, S.P."]
[WhiteFideId "722340"]
[BlackFideId "5021596"]
[WhiteElo "2785"]
[BlackElo "2932"]
[Result "1-0"]
[Round "06"]
[TimeControl "180+1"]
[Date "2022.11.30"]
[WhiteClock "0:00:25"]
[BlackClock "0:00:02"]

1. Nf3 d5 2. d4 Nf6 3. Nc3 Bf5 4. Bf4 e6 5. e3 Nbd7 6. Bd3 Bg6 7. Ne5 a6 8. Nxg6 hxg6 9. e4 Bb4 10. exd5 Nxd5 11. Bd2 Qh4 12. a3 Bxc3 13. bxc3 c5 14. Qf3 cxd4 15. g3 Qf6 16. Qxf6 N5xf6 17. cxd4 Rc8 18. a4 Nb6 19. Rb1 Nxa4 20. Rxb7 O-O 21. Ke2 Rfd8 22. Rb4 Nc3+ 23. Bxc3 Rxc3 24. Ra1 Nd5 25. Rb7 Nc7 26. Ke3 Rc6 27. c4 g5 28. Ra5 f5 29. f4 gxf4+ 30. gxf4 Kf8 31. h4 Ke8 32. h5 Kd7 33. d5 exd5 34. Rxd5+ Kc8 35. Rb8+ Kxb8 36. Rxd8+ Ka7 37. Rd7 Kb6 38. Rxg7 Rh6 39. Rg6+ Rxg6 40. hxg6 Kc5 41. Bxf5 Ne8 42. Ke4 a5 43. Bd7 Nf6+ 44. Kf5 Nxd7 45. g7 a4 46. g8=Q Kb4 47. Qe6 Nc5 48. Qb6+ Kxc4 49. Qa5 1-0


[Site "https://www.chess.com"]

[Event "Titled Tuesday Blitz November 29 Early 2022"]
[White "Bowden, Karl"]
[Black "Drozdowski, Kacper"]
[WhiteFideId "400548"]
[BlackFideId "1136720"]
[WhiteElo "2493"]
[BlackElo "2485"]
[Result "0-1"]
[Round "06"]
[TimeControl "180+1"]
[Date "2022.11.30"]
[WhiteClock "0:00:41"]
[BlackClock "0:01:59"]

1. e4 c5 2. c3 d6 3. d4 Nf6 4. Bd3 Nc6 5. Ne2 e5 6. O-O g6 7. d5 Ne7 8. f4 Nd7 9. Bb5 Bg7 10. fxe5 Bxe5 11. Bf4 Bxf4 12. Nxf4 a6 13. Bxd7+ Bxd7 14. c4 O-O 15. Nc3 f5 16. Qe2 fxe4 17. Nxe4 Nf5 18. Rae1 Qh4 19. g3 Qe7 20. Qd3 Rae8 21. Nxc5 Qxe1 22. Rxe1 Rxe1+ 23. Kf2 Re3 24. Qxe3 Nxe3 25. Nxd7 Ng4+ 26. Kf3 Ne5+ 0-1


[Site "https://www.chess.com"]

[Event "Titled Tuesday Blitz November 29 Early 2022"]
[White "Buksa, Nataliya"]
[Black "sabkeIXO"]
[WhiteFideId "14123622"]
[WhiteElo "2313"]
[BlackElo "2493"]
[Result "0-1"]
[Round "06"]
[TimeControl "180+1"]
[Date "2022.11.30"]
[WhiteClock "0:01:29"]
[BlackClock "0:00:50"]

1. d4 Nf6 2. Nc3 d5 3. Bf4 e6 4. e3 Bd6 5. Nf3 O-O 6. Bd3 Bxf4 7. exf4 c5 8. dxc5 Qa5 9. O-O Qxc5 10. Ne2 b6 11. c3 Ba6 12. Ned4 Bxd3 13. Qxd3 Nc6 14. Nxc6 Qxc6 15. Ne5 Qc7 16. Rae1 Rab8 17. f5 b5 18. fxe6 fxe6 19. Nf3 Rfe8 20. Re5 b4 21. Rfe1 bxc3 22. bxc3 Ne4 23. c4 Qc5 24. Qd4 Qxd4 25. Nxd4 Nc5 26. cxd5 Nd3 27. Kf1 Nxe5 28. Rxe5 exd5 29. Rxe8+ Rxe8 30. Nc6 a6 31. f3 Kf7 32. Kf2 Ke6 33. Nd4+ Ke5 34. Ke3 Rc8 35. f4+ Kf6 36. Kd3 Rc1 37. g4 Rd1+ 38. Ke3 Ra1 39. g5+ Ke7 40. Nf5+ Kf7 41. Kd4 Rxa2 42. Kxd5 Rxh2 43. Nd6+ Kg6 44. Nb7 Kf5 45. Nc5 Kxf4 46. Ne6+ Kf5 47. Nxg7+ Kxg5 48. Ne6+ Kf6 49. Nf4 a5 0-1


[Site "https://www.chess.com"]

[Event "Titled Tuesday Blitz November 29 Early 2022"]
[White "Cappelletto, Joshuaede"]
[Black "Durarbayli, Vasif"]
[WhiteFideId "2824383"]
[BlackFideId "13402935"]
[WhiteElo "2237"]
[BlackElo "2586"]
[Result "0-1"]
[Round "06"]
[TimeControl "180+1"]
[Date "2022.11.30"]
[WhiteClock "0:00:15"]
[BlackClock "0:00:08"]

1. c4 c6 2. d4 d5 3. Nf3 Nf6 4. cxd5 cxd5 5. Nc3 Nc6 6. Bf4 a6 7. e3 Bg4 8. Bd3 e6 9. h3 Bxf3 10. Qxf3 Bd6 11. O-O Bxf4 12. Qxf4 O-O 13. a3 Rc8 14. Rfc1 Na5 15. Rc2 Nb3 16. Rd1 Qd7 17. Re2 h6 18. Bb1 Rfd8 19. Kh1 Na5 20. g4 Qd6 21. Qf3 Nc4 22. Rg1 e5 23. dxe5 Qxe5 24. h4 Nxa3 25. Bf5 Rc4 26. bxa3 Qxc3 27. Rc2 Qb3 28. Rxc4 Qxc4 29. Bb1 Ne4 30. g5 hxg5 31. hxg5 Nd2 32. Qd1 Qh4+ 33. Kg2 Qxg5+ 34. Kh2 Qh4+ 35. Kg2 Nxb1 36. Qxb1 Qe4+ 37. Qxe4 dxe4 38. Rb1 b5 39. Rb4 f5 40. a4 Rd5 41. axb5 axb5 42. Rb2 Kf7 43. Ra2 Kf6 44. Ra7 g5 45. Rb7 f4 46. exf4 gxf4 47. Kh3 Kf5 48. Rf7+ Ke5 49. Rb7 Kd4 50. Kg4 f3 51. Kf4 Kd3 52. Re7 b4 53. Rb7 Rd4 54. Ke5 Rc4 55. Rd7+ Kc3 56. Kf4 b3 0-1


[Site "https://www.chess.com"]

[Event "Titled Tuesday Blitz November 29 Early 2022"]
[White "Cardoso Cardoso, Jose Gabriel"]
[Black "Zhigalko, Sergei"]
[WhiteFideId "4430492"]
[BlackFideId "13502956"]
[WhiteElo "2733"]
[BlackElo "2888"]
[Result "1/2-1/2"]
[Round "06"]
[TimeControl "180+1"]
[Date "2022.11.30"]
[WhiteClock "0:00:06"]
[BlackClock "0:00:05"]

1. d4 Nf6 2. Nc3 d5 3. Bf4 a6 4. e3 e6 5. g4 Bb4 6. Ne2 O-O 7. a3 Bd6 8. g5 Nfd7 9. Bxd6 cxd6 10. h4 Nc6 11. Qd2 Nb6 12. Nf4 Nc4 13. Bxc4 dxc4 14. d5 Ne5 15. O-O-O exd5 16. Qxd5 Bg4 17. Qxd6 Bxd1 18. Qxe5 Bf3 19. Rh3 Re8 20. Qc5 Rc8 21. Qd4 Qxd4 22. exd4 Bc6 23. Kd2 Rcd8 24. d5 Bd7 25. Re3 b5 26. Ne4 Bc6 27. Kc3 Bb7 28. Kd4 Kf8 29. Nc5 Bc8 30. b3 cxb3 31. cxb3 Rd6 32. b4 h6 33. Ne4 Rdd8 34. gxh6 gxh6 35. Nf6 Rxe3 36. fxe3 Ke7 37. Ne4 Rg8 38. d6+ Kd8 39. Nc5 Rg1 40. Ke5 Ra1 41. Nd5 Rxa3 42. e4 a5 43. bxa5 Rxa5 44. Nb4 Ra1 45. Nc6+ Ke8 46. Nb8 Kd8 47. d7 Bxd7 48. Nbxd7 b4 49. Nb6 Rh1 50. Nd5 Rxh4 51. Kd4 Rh1 52. Nxb4 h5 53. Ke3 h4 54. Kf2 Rh2+ 55. Kf3 Rh3+ 56. Kg4 Rc3 57. Nb7+ Kc8 58. Nd6+ Kd7 59. Nd5 h3 60. Nxc3 h2 61. Nf5 h1=Q 62. Ng3 Qg1 63. Nd5 Qd4 64. Kf4 Qg7 65. Nf5 Qa1 66. Nde3 Ke8 67. Nd5 Kf8 68. Nde3 Qc1 69. Kf3 Qc7 70. Ng4 Qc1 71. Nge3 Qh1+ 72. Kf4 Qh2+ 73. Kf3 Qe5 74. Ng4 Qh8 75. Kf4 Qh1 76. Nge3 Qh2+ 77. Kf3 Qb8 78. Ng4 Qb3+ 79. Nge3 Qa3 80. Kf4 Qa1 81. Nd5 Qc1+ 82. Kf3 Qd1+ 83. Kf4 Qf1+ 84. Ke3 Qg1+ 85. Kf3 Qh2 86. Nde3 1/2-1/2


[Site "https://www.chess.com"]

[Event "Titled Tuesday Blitz November 29 Early 2022"]
[White "Chernobay, Artem"]
[Black "Przybylski, Wojciech"]
[WhiteFideId "4167406"]
[BlackFideId "1117599"]
[WhiteElo "2473"]
[BlackElo "2221"]
[Result "1-0"]
[Round "06"]
[TimeControl "180+1"]
[Date "2022.11.30"]
[WhiteClock "0:00:26"]
[BlackClock "0:00:01"]

1. e4 e5 2. Nf3 Nc6 3. d4 exd4 4. Bc4 Nf6 5. O-O Be7 6. e5 Ne4 7. Re1 Nc5 8. Nxd4 Nxd4 9. Qxd4 O-O 10. Nc3 c6 11. Be3 d5 12. exd6 Qxd6 13. Rad1 Qxd4 14. Bxd4 Ne6 15. Be5 a5 16. Na4 Bd8 17. Bd6 Re8 18. Nc5 Bf6 19. c3 b6 20. Ne4 Be7 21. Bxe7 Rxe7 22. Nd6 Ba6 23. Nf5 Rea7 24. Bxe6 fxe6 25. Rxe6 Rf7 26. Ne7+ Kf8 27. Nxc6 Bc4 28. Red6 Rf6 29. b3 Rxd6 30. Rxd6 Bb5 31. Nd4 Be8 32. Rxb6 1-0


[Site "https://www.chess.com"]

[Event "Titled Tuesday Blitz November 29 Early 2022"]
[White "Chernov, Mikhail"]
[Black "Kamsky, Gata"]
[WhiteFideId "24143170"]
[BlackFideId "2000024"]
[WhiteElo "2439"]
[BlackElo "2858"]
[Result "0-1"]
[Round "06"]
[TimeControl "180+1"]
[Date "2022.11.30"]
[WhiteClock "0:00:01"]
[BlackClock "0:00:41"]

1. e4 e5 2. Nc3 Bc5 3. Bc4 d6 4. d3 Be6 5. Bb3 Bxb3 6. axb3 Ne7 7. Na4 Nbc6 8. Nxc5 dxc5 9. Ne2 O-O 10. O-O f5 11. exf5 Nxf5 12. Ng3 a5 13. Be3 b6 14. Qg4 Qd7 15. Rfe1 Rf7 16. Nxf5 Rxf5 17. Re2 Raf8 18. Rae1 R8f6 19. Qe4 h6 20. f3 Rf7 21. c3 R5f6 22. Rd2 Rd6 23. Red1 Qe6 24. Qh4 Qxb3 25. Qg4 Qe6 26. Qa4 Rfd7 0-1


[Site "https://www.chess.com"]

[Event "Titled Tuesday Blitz November 29 Early 2022"]
[White "Chigaev, Maksim"]
[Black "Baskakov, Egor"]
[WhiteFideId "4108116"]
[BlackFideId "24197866"]
[WhiteElo "3014"]
[BlackElo "2853"]
[Result "0-1"]
[Round "06"]
[TimeControl "180+1"]
[Date "2022.11.30"]
[WhiteClock "0:00:03"]
[BlackClock "0:00:52"]

1. e4 c5 2. Nf3 Nf6 3. Nc3 d5 4. exd5 Nxd5 5. Bb5+ Bd7 6. Ne5 e6 7. Qf3 Qf6 8. Nxd7 Nxd7 9. Nxd5 Qxf3 10. Nc7+ Kd8 11. Nxe6+ fxe6 12. gxf3 Bd6 13. Bxd7 Kxd7 14. Ke2 Raf8 15. b3 Rf7 16. h4 g6 17. h5 g5 18. d3 h6 19. Be3 Rhf8 20. Rh3 b6 21. a4 Kc6 22. Rg1 Bf4 23. Bxf4 Rxf4 24. Rg4 e5 25. Rxf4 Rxf4 26. Ke3 Kd5 27. Rh1 Rh4 28. Rb1 Rxh5 29. b4 c4 30. Rd1 Rh3 31. dxc4+ Kxc4 32. Ke4 Kxb4 33. Rd7 a6 34. Rd6 Ka5 35. Rd5+ Kxa4 36. Rxe5 b5 37. Re6 a5 38. Rf6 Rh4+ 39. Kd3 Rf4 40. Rxh6 Rxf3+ 41. Ke2 Rf4 42. Rg6 g4 43. Ke3 Rc4 44. Kd3 Kb4 45. Rg5 a4 46. Rg8 a3 47. Ra8 Rf4 0-1


[Site "https://www.chess.com"]

[Event "Titled Tuesday Blitz November 29 Early 2022"]
[White "Ciuffoletti, Paolo"]
[Black "Larina, Maria"]
[WhiteFideId "807630"]
[BlackFideId "24113182"]
[WhiteElo "2143"]
[BlackElo "1848"]
[Result "1/2-1/2"]
[Round "06"]
[TimeControl "180+1"]
[Date "2022.11.30"]
[WhiteClock "0:00:11"]
[BlackClock "0:00:04"]

1. e4 c6 2. d4 d5 3. exd5 cxd5 4. c4 Nf6 5. Nc3 e6 6. Nf3 Be7 7. cxd5 exd5 8. Bb5+ Bd7 9. Bxd7+ Nbxd7 10. Qb3 Nb6 11. a4 O-O 12. a5 Nc4 13. Qxb7 Nxa5 14. Qb5 Nc4 15. O-O Rb8 16. Qa6 Nxb2 17. Qxa7 Ra8 18. Qxa8 Qxa8 19. Rxa8 Rxa8 20. Bxb2 Rc8 21. h3 Bb4 22. Rc1 Ra8 23. Nb5 h6 24. Ne5 Ra2 25. Bc3 Bxc3 26. Rxc3 Ne4 27. Rc8+ Kh7 28. f3 Ng3 29. Nxf7 Ne2+ 30. Kh2 Rb2 31. Nbd6 Nxd4 32. Rc5 Nxf3+ 33. Kg3 Ne1 34. Rxd5 Rxg2+ 35. Kf4 g5+ 36. Kf5 Rf2+ 37. Ke6 Kg6 38. Ne5+ Kh5 39. Nf5 Nf3 40. Nxf3 Rxf3 41. Rd7 g4 42. hxg4+ Kxg4 43. Rg7+ Kh3 44. Rh7 Kg2 45. Rxh6 Kf1 46. Ke5 Rb3 47. Ke4 Kg2 48. Rh5 Rb4+ 49. Nd4 Kf2 50. Rf5+ Kg3 51. Rf3+ Kg2 52. Ke3 Rxd4 53. Rf2+ Kg3 54. Rf3+ Kg2 55. Kxd4 Kxf3 1/2-1/2


[Site "https://www.chess.com"]

[Event "Titled Tuesday Blitz November 29 Early 2022"]
[White "Clawitter, Craig"]
[Black "Saravana, Krishnan P."]
[WhiteFideId "2023105"]
[BlackFideId "5018382"]
[WhiteElo "2246"]
[BlackElo "2155"]
[Result "1-0"]
[Round "06"]
[TimeControl "180+1"]
[Date "2022.11.30"]
[WhiteClock "0:00:13"]
[BlackClock "0:00:06"]

1. e4 Nc6 2. Nc3 e5 3. f4 d6 4. Nf3 Be7 5. Bb5 Nf6 6. fxe5 dxe5 7. Nxe5 O-O 8. Bxc6 Qd6 9. d4 bxc6 10. O-O Ba6 11. Re1 Rfd8 12. Nf3 Qd7 13. Be3 Bb4 14. Ne5 Qe6 15. a3 Bxc3 16. bxc3 Nxe4 17. Qf3 f5 18. Bf4 Re8 19. Nd3 Qg6 20. Bxc7 Ng5 21. Qg3 Qh5 22. Nf4 Qh6 23. h4 Ne4 24. Qh3 g6 25. Re3 Qg7 26. Be5 Rxe5 27. dxe5 Qxe5 28. Rae1 Rf8 29. Nd3 Qf6 30. Nf2 Nxf2 31. Kxf2 f4 32. Qe6+ Kg7 33. Qxf6+ Rxf6 34. Re7+ Kh6 35. Rxa7 Bc4 36. Ree7 Bg8 37. Rg7 Rf8 38. Rgc7 Kh5 39. Rxc6 f3 40. g3 Kg4 41. Rc4+ Kh3 42. Rf4 Rc8 43. c4 Bxc4 44. Rxf3 Bd5 45. Rd3 Rxc2+ 46. Ke3 Bc4 47. Rd2 Rc3+ 48. Kd4 Rc1 49. Rc7 Rf1 50. Rxc4 Ra1 51. Kc5 Rxa3 52. Kb4 Rxg3 53. Rd7 h5 54. Rg7 Rg4 55. Rxg4 hxg4 56. Rxg6 Kxh4 57. Kc3 g3 58. Kd2 Kh3 59. Ke1 Kg2 60. Rg5 Kh2 61. Kf1 Kh3 62. Rh5+ Kg4 63. Rh8 Kf3 64. Rf8+ Kg4 65. Kg2 Kh4 66. Rg8 1-0


[Site "https://www.chess.com"]

[Event "Titled Tuesday Blitz November 29 Early 2022"]
[White "Corrales Jimenez, Fidel"]
[Black "Csonka, Balazs"]
[WhiteFideId "3506690"]
[BlackFideId "742910"]
[WhiteElo "2871"]
[BlackElo "2720"]
[Result "1-0"]
[Round "06"]
[TimeControl "180+1"]
[Date "2022.11.30"]
[WhiteClock "0:01:40"]
[BlackClock "0:00:09"]

1. e4 e6 2. d4 d5 3. e5 c5 4. c3 Nc6 5. Nf3 Bd7 6. Na3 cxd4 7. cxd4 Bxa3 8. bxa3 Qa5+ 9. Qd2 Qxd2+ 10. Bxd2 Nge7 11. Bc3 Rc8 12. Kd2 O-O 13. Bd3 Rc7 14. g4 Rfc8 15. Rhc1 Ng6 16. Bb4 Nf4 17. Bf1 Nxb4 18. axb4 Ba4 19. Rxc7 Rxc7 20. Rc1 Rxc1 21. Kxc1 Kf8 22. h4 h6 23. h5 g5 24. hxg6 fxg6 25. g5 hxg5 26. Nxg5 Bd7 27. Kd2 Nh5 28. Be2 Ng7 29. Bd3 Be8 30. Ke3 Ke7 31. Kf4 Nf5 32. Bxf5 gxf5 33. a3 Bh5 34. Nh7 Kf7 35. Kg5 Bd1 36. Nf6 Ba4 37. Nh5 Bd1 38. Nf4 Ba4 39. Kh6 Bd1 40. Nh3 Ba4 41. Ng5+ Ke7 42. Kg7 Bd7 43. Nh3 b6 44. Nf4 Bc8 45. Ng6+ Ke8 46. Kf6 1-0


[Site "https://www.chess.com"]

[Event "Titled Tuesday Blitz November 29 Early 2022"]
[White "Cramling Bellon, Anna"]
[Black "Omariev, Maksim"]
[WhiteFideId "32009232"]
[BlackFideId "4193423"]
[WhiteElo "1972"]
[BlackElo "2421"]
[Result "1-0"]
[Round "06"]
[TimeControl "180+1"]
[Date "2022.11.30"]
[WhiteClock "0:00:10"]
[BlackClock "0:00:32"]

1. d4 h5 2. c4 h4 3. e4 d6 4. h3 e5 5. dxe5 dxe5 6. Qxd8+ Kxd8 7. Nf3 f6 8. Nc3 c6 9. Be3 Kc7 10. O-O-O Be6 11. Be2 Nd7 12. Kc2 a5 13. b3 g5 14. Nh2 Nh6 15. Ng4 Be7 16. g3 Nxg4 17. hxg4 hxg3 18. fxg3 Nc5 19. Rh5 Bf7 20. Rhh1 Ne6 21. Na4 Bg6 22. Bb6+ Kc8 23. Rxh8+ Nf8 24. Rxf8+ Bxf8 25. Rd8# 1-0


[Site "https://www.chess.com"]

[Event "Titled Tuesday Blitz November 29 Early 2022"]
[White "D`Arruda, Ricardo D."]
[Black "Matinian, Nikita"]
[WhiteFideId "100692"]
[BlackFideId "24129100"]
[WhiteElo "2468"]
[BlackElo "2422"]
[Result "0-1"]
[Round "06"]
[TimeControl "180+1"]
[Date "2022.11.30"]
[WhiteClock "0:00:03"]
[BlackClock "0:01:04"]

1. d4 Nf6 2. Nf3 g6 3. Nc3 d5 4. Bg5 Bg7 5. Bxf6 exf6 6. e3 f5 7. Ne2 Nd7 8. g3 Nf6 9. c3 Ne4 10. Bg2 O-O 11. O-O c6 12. Qc2 Re8 13. c4 dxc4 14. Qxc4 Be6 15. Qc2 Qb6 16. Nf4 Rad8 17. Nxe6 fxe6 18. Rfc1 h6 19. b4 Kh7 20. a4 Qxb4 21. Rab1 Qe7 22. a5 a6 23. Rb3 Nd6 24. h4 Nb5 25. h5 g5 26. g4 Qf7 27. Bh3 Rf8 28. Rd1 Kh8 29. Rbd3 Qc7 30. Ne5 Bxe5 31. dxe5 Rxd3 32. Qxd3 Qxe5 33. Qd7 Qg7 34. Qxe6 Nc7 35. Qd7 fxg4 36. Bxg4 Nd5 37. Qxg7+ Kxg7 38. e4 Nf6 39. Bf3 g4 40. Bg2 Nxh5 41. e5 Nf4 42. Be4 Rf7 43. Kh2 h5 44. Kg3 Ne6 45. Rd6 Nc5 46. Rg6+ Kf8 47. Bc2 Rf3+ 48. Kg2 Ra3 49. e6 Ra2 50. Bf5 Re2 51. Rh6 Re5 52. Rxh5 Nxe6 53. Rh8+ Kg7 54. Rh7+ Kg8 55. Rh5 Nf4+ 0-1


[Site "https://www.chess.com"]

[Event "Titled Tuesday Blitz November 29 Early 2022"]
[White "Dardha, Daniel"]
[Black "Barria Zuniga, Daniel"]
[WhiteFideId "240990"]
[BlackFideId "3400816"]
[WhiteElo "2528"]
[BlackElo "2414"]
[Result "1-0"]
[Round "06"]
[TimeControl "180+1"]
[Date "2022.11.30"]
[WhiteClock "0:00:28"]
[BlackClock "0:00:01"]

1. d4 Nf6 2. c4 e6 3. g3 c5 4. d5 exd5 5. cxd5 d6 6. Nc3 a6 7. a4 g6 8. Nf3 Bg7 9. Bg2 O-O 10. O-O Re8 11. Re1 Nbd7 12. Bf4 Qc7 13. a5 b5 14. axb6 Nxb6 15. e4 Bg4 16. Qc1 Bxf3 17. Bxf3 Nfd7 18. Bh6 Bd4 19. Kg2 Reb8 20. Be2 Ne5 21. Nd1 Qd7 22. h3 c4 23. Be3 Bxe3 24. Nxe3 Qb5 25. Ra2 Nd3 26. Bxd3 cxd3 27. Ng4 h5 28. Nf6+ Kg7 29. Qg5 Nc4 30. Nxh5+ Kh7 31. Nf6+ Kg7 32. Ng4 Rh8 33. Qf6+ Kg8 34. Rd1 Qb3 35. Raa1 d2 36. Qf4 Qxb2 37. Ne3 Nxe3+ 38. Qxe3 Re8 39. Rxa6 Rh5 40. Rxd2 Qe5 41. Ra4 Qh8 42. h4 1-0


[Site "https://www.chess.com"]

[Event "Titled Tuesday Blitz November 29 Early 2022"]
[White "Deev, Andrei"]
[Black "Moskvin, Anatoly"]
[WhiteFideId "4102690"]
[BlackFideId "24199990"]
[WhiteElo "2302"]
[BlackElo "2079"]
[Result "1-0"]
[Round "06"]
[TimeControl "180+1"]
[Date "2022.11.30"]
[WhiteClock "0:01:46"]
[BlackClock "0:01:22"]

1. e4 e5 2. Nf3 Nc6 3. Bc4 Nf6 4. d3 Bc5 5. Nc3 d6 6. h3 Be6 7. Bb3 h6 8. Be3 Bxe3 9. fxe3 d5 10. Ba4 O-O 11. Bxc6 bxc6 12. Nxe5 dxe4 13. O-O Qd6 14. d4 c5 15. Rxf6 gxf6 16. Nxe4 Qe7 17. Nc6 Rfe8 18. Nxe7+ Rxe7 19. Nxf6+ Kg7 20. Nh5+ Kg6 21. Nf4+ Kg5 22. Nxe6+ Rxe6 23. Qg4+ Kf6 24. Qf3+ 1-0


[Site "https://www.chess.com"]

[Event "Titled Tuesday Blitz November 29 Early 2022"]
[White "Dubov, Daniil"]
[Black "Hansen, Eric"]
[WhiteFideId "24126055"]
[BlackFideId "2606771"]
[WhiteElo "3060"]
[BlackElo "2984"]
[Result "1-0"]
[Round "06"]
[TimeControl "180+1"]
[Date "2022.11.30"]
[WhiteClock "0:00:55"]
[BlackClock "0:00:02"]

1. e4 e5 2. Nf3 Nc6 3. Bb5 a6 4. Ba4 Nf6 5. d3 Bc5 6. Nc3 d6 7. Bxc6+ bxc6 8. h3 O-O 9. O-O Nd7 10. Na4 Ba7 11. Be3 f5 12. exf5 Rxf5 13. Bxa7 Rxa7 14. Nc3 c5 15. Nd2 Bb7 16. f3 Nf8 17. a3 Ne6 18. b4 Qh4 19. Qe1 Qd4+ 20. Rf2 Qxc3 21. Rb1 Nd4 22. Kh1 Bd5 23. bxc5 Qxc5 24. Ne4 Qc6 25. Rb8+ Rf8 26. Rxf8+ Kxf8 27. f4 Bxe4 28. dxe4 Kg8 29. f5 Ra8 30. c3 Nb3 31. f6 Rf8 32. Qd1 Nc5 33. Qg4 Qd7 34. Qh4 Qf7 35. Qg4 Qg6 36. f7+ Kh8 37. Qc8 Ne6 38. Rf5 h6 39. Qd7 Kh7 40. Qe7 Rb8 41. Rf2 Nf8 42. Kh2 Qg5 43. Qxc7 Ra8 44. Qxd6 g6 45. Rf3 h5 46. c4 h4 47. c5 Qd8 48. Qxe5 Qb8 49. Qd6 1-0


[Site "https://www.chess.com"]

[Event "Titled Tuesday Blitz November 29 Early 2022"]
[White "Dushyant Sharma"]
[Black "Reprintsev, Alexander"]
[WhiteFideId "25065130"]
[BlackFideId "14100541"]
[WhiteElo "2270"]
[BlackElo "2230"]
[Result "1-0"]
[Round "06"]
[TimeControl "180+1"]
[Date "2022.11.30"]
[WhiteClock "0:00:15"]
[BlackClock "0:00:02"]

1. e4 d5 2. exd5 Qxd5 3. Nc3 Qa5 4. g3 Nc6 5. Bg2 h5 6. d3 h4 7. Ne2 h3 8. Bxc6+ bxc6 9. Be3 e5 10. Qd2 Bf5 11. Nc1 Qb4 12. Nb3 Qg4 13. Rf1 Qf3 14. Qe2 Bg4 15. Qxf3 Bxf3 16. Nd2 Bg2 17. Rg1 Nf6 18. O-O-O Nd5 19. Nce4 Nxe3 20. fxe3 f5 21. Nf2 Bc5 22. Rde1 O-O 23. Nc4 Rae8 24. c3 f4 25. gxf4 exf4 26. d4 fxe3 27. Ng4 Bd6 28. Ncxe3 Bf4 29. Kb1 Be4+ 30. Ka1 Kh7 31. a4 a5 32. Nc4 Bc2 33. Nge5 Bxh2 34. Rh1 Rf2 35. Ne3 Be4 36. N3g4 Bxh1 37. Rxh1 Bxe5 38. Rxh3+ Kg6 39. Nxf2 Bf6 40. Nd3 Kf5 41. Ka2 Kg4 42. Rh1 Re2 43. Rg1+ Kf3 44. Kb3 Ke3 45. Kc4 Rd2 46. Rg3+ Ke2 47. Rg2+ Kd1 48. Rxd2+ Kxd2 49. b4 axb4 50. cxb4 g5 51. a5 g4 52. a6 g3 53. Nf4 Ke3 54. Ng2+ Kf2 55. a7 Kxg2 56. a8=Q Kf2 57. Qa2+ Kg1 58. Qb1+ Kh2 59. Qh7+ Kg1 60. Kd3 g2 61. Ke2 Bxd4 62. Kf3 Bb6 63. Qh3 Kf1 64. Qxg2+ Ke1 65. Qe2# 1-0


[Site "https://www.chess.com"]

[Event "Titled Tuesday Blitz November 29 Early 2022"]
[White "Eynullayev, Atilla"]
[Black "Pakleza, Zbigniew"]
[WhiteFideId "13413570"]
[BlackFideId "1119290"]
[WhiteElo "2181"]
[BlackElo "2411"]
[Result "1-0"]
[Round "06"]
[TimeControl "180+1"]
[Date "2022.11.30"]
[WhiteClock "0:00:28"]
[BlackClock "0:00:02"]

1. e4 d6 2. d4 Nf6 3. Nc3 c6 4. Bg5 Qb6 5. Rb1 e5 6. Be3 Ng4 7. Nf3 Nd7 8. Bc4 Be7 9. O-O O-O 10. Bc1 Qc7 11. h3 Ngf6 12. a4 a6 13. b4 b5 14. Ba2 h6 15. Be3 Re8 16. Qd2 Bf8 17. Rfe1 exd4 18. Bxd4 Ne5 19. Nxe5 dxe5 20. Be3 Be6 21. Bxe6 Rxe6 22. a5 Rd8 23. Qe2 c5 24. Nd5 Nxd5 25. exd5 Rxd5 26. c4 bxc4 27. Qxc4 Rd7 28. bxc5 Qxa5 29. Rec1 Rc6 30. Qe4 Qc7 31. Rb6 Rxc5 32. Bxc5 Bxc5 33. Rc6 Bxf2+ 34. Kxf2 1-0


[Site "https://www.chess.com"]

[Event "Titled Tuesday Blitz November 29 Early 2022"]
[White "Fawzy, Adham"]
[Black "Ilkhomi, Jaloliddin"]
[WhiteFideId "10613129"]
[BlackFideId "14700948"]
[WhiteElo "2541"]
[BlackElo "2045"]
[Result "0-1"]
[Round "06"]
[TimeControl "180+1"]
[Date "2022.11.30"]
[WhiteClock "0:00:02"]
[BlackClock "0:00:06"]

1. e4 e6 2. d4 d5 3. Nd2 Nf6 4. e5 Nfd7 5. Bd3 c5 6. c3 Nc6 7. Ne2 cxd4 8. cxd4 f6 9. exf6 Qxf6 10. Nf3 h6 11. O-O Bd6 12. Be3 O-O 13. Rc1 Rf7 14. Bb5 Ndb8 15. Ng3 a6 16. Nh5 Qg6 17. Ne5 Nxe5 18. Rxc8+ Rf8 19. dxe5 axb5 20. Nf4 Qf7 21. Qc2 Bxe5 22. Rxf8+ Qxf8 23. Ng6 Qf6 24. Qc8+ Kf7 25. Nh8+ Ke7 26. Bc5+ Bd6 27. Qc7+ Nd7 28. Qxd6+ Ke8 29. Ng6 Nxc5 30. Ne5 Ne4 31. Qd7+ Kf8 32. Qxb7 Rd8 33. Nd7+ Rxd7 34. Qxd7 Qe5 35. Qc8+ Kf7 36. Qc2 Kg8 37. Re1 Qd4 38. Rd1 Qb6 39. Kf1 b4 40. Qe2 b3 41. axb3 Qxb3 42. f3 Nc5 43. Rc1 Qb4 44. Qe1 Qb5+ 45. Qe2 Qb4 46. Qc2 Nb3 47. Qc8+ Kh7 48. Qc2+ Kg8 49. Rd1 Qb5+ 50. Qe2 Qb6 51. Rd3 Nd4 52. Qe3 e5 53. Qxe5 Qxb2 54. Qxd5+ Ne6 55. Qd4 Nxd4 0-1


[Site "https://www.chess.com"]

[Event "Titled Tuesday Blitz November 29 Early 2022"]
[White "Fernandez De La Vara, Arnaldo"]
[Black "Hovhannisyan, Robert"]
[WhiteFideId "3518388"]
[BlackFideId "13302507"]
[WhiteElo "2387"]
[BlackElo "2570"]
[Result "1-0"]
[Round "06"]
[TimeControl "180+1"]
[Date "2022.11.30"]
[WhiteClock "0:00:04"]
[BlackClock "0:00:48"]

1. Nf3 d5 2. g3 Bg4 3. Bg2 e6 4. O-O Nf6 5. b3 Nbd7 6. Bb2 c6 7. c4 Bd6 8. Nc3 O-O 9. d4 h6 10. Nd2 Qe7 11. Qc2 Bf5 12. e4 dxe4 13. Ndxe4 Bb4 14. Qe2 Nxe4 15. Bxe4 Bxc3 16. Bxc3 Bxe4 17. Qxe4 Nf6 18. Qh4 Rfd8 19. Rfe1 Qd7 20. d5 cxd5 21. Bxf6 gxf6 22. Qxf6 dxc4 23. Re4 Qd2 24. Rg4+ Kf8 25. Rg7 Rd7 26. Rh7 Qg5 27. Qxg5 hxg5 28. Rh8+ Ke7 29. Rxa8 cxb3 30. Rxa7 bxa2 31. R1xa2 Kf6 32. Rb2 Kf5 33. Rbxb7 Rd1+ 34. Kg2 f6 35. h3 Rd6 36. Rg7 Rc6 37. Raf7 e5 38. Rh7 e4 39. g4+ Ke5 40. Re7+ Kf4 41. Rhf7 Rd6 42. Re8 Rc6 43. Rfe7 Rc4 44. Re6 f5 45. Rf8 Rc5 46. Rxf5+ Rxf5 47. gxf5 g4 48. hxg4 e3 49. Rxe3 Kg5 50. f6 Kh4 51. f7 Kg5 52. f8=Q Kh4 53. Qh6+ 1-0


[Site "https://www.chess.com"]

[Event "Titled Tuesday Blitz November 29 Early 2022"]
[White "Fernandez, Michael"]
[Black "Nepo"]
[WhiteFideId "5803560"]
[WhiteElo "2110"]
[BlackElo "2132"]
[Result "1-0"]
[Round "06"]
[TimeControl "180+1"]
[Date "2022.11.30"]
[WhiteClock "0:00:40"]
[BlackClock "0:00:18"]

1. d4 Nf6 2. c4 e6 3. Nf3 d5 4. g3 Bb4+ 5. Bd2 Be7 6. Bg2 O-O 7. O-O c6 8. Qc2 b6 9. Nc3 Nbd7 10. b3 Bb7 11. Rac1 Rc8 12. Rfd1 c5 13. cxd5 Nxd5 14. Nxd5 Bxd5 15. Qd3 cxd4 16. Rxc8 Qxc8 17. Nxd4 Nc5 18. Qc2 Bxg2 19. Kxg2 Qb7+ 20. Kg1 Bf6 21. Be3 Rd8 22. Nb5 Rxd1+ 23. Qxd1 a6 24. Bxc5 bxc5 25. Na3 g6 26. Nc4 Qd5 27. Qc2 Kg7 28. e4 Qd4 29. Kg2 Qc3 30. Qxc3 Bxc3 31. f4 Kf6 32. e5+ Ke7 33. Kf3 Bd4 34. Ke4 Bc3 35. h3 Be1 36. g4 h5 37. a4 Bc3 38. gxh5 gxh5 39. f5 exf5+ 40. Kxf5 f6 41. e6 Bd4 42. Nb6 Kd6 43. Nd5 Be5 44. Nxf6 Bxf6 45. Kxf6 1-0


[Site "https://www.chess.com"]